 Dungeon Crawl Stone Soup version 0.30-a0-21-g5d08c37080 (webtiles) character file.

Game seed: 10121569330758968263

1 Goaboa the Grave Robber (level 1, -1/13 HPs)
             Began as a Demonspawn Necromancer on Aug 24, 2022.
             Slain by a kobold
             ... wielding a +0 short sword
              (4 damage)
             ... on level 1 of the Dungeon.
             The game lasted 00:00:45 (41 turns).

Goaboa the Grave Robber (Demonspawn Necromancer)      Turns: 41, Time: 00:00:45

Health: -1/13      AC:  2    Str:  8    XL:     1   Next: 16%
Magic:  1/3        EV: 12    Int: 16    God:
Gold:   10         SH:  0    Dex: 13    Spells: 3/4 levels left

rFire   . . .      SeeInvis .    c - +0 dagger
rCold   . . .      Faith    .    (no shield)
rNeg    . . .      Spirit   .    a - +0 robe
rPois   .          Reflect  .    (no helmet)
rElec   .          Harm     .    (no cloak)
rCorr   .          Rampage  .    (no gloves)
Will    .....                    (no boots)
Stlth   ++........               (no amulet)
HPRegen 0.04/turn                (no ring)
MPRegen 0.08/turn                (no ring)

@: no status effects
A: no striking features
a: no special abilities


You were on level 1 of the Dungeon.
You visited 1 branch of the dungeon, and saw 1 of its levels.

You collected 10 gold pieces.

Inventory:

Hand Weapons
 c - a +0 dagger (weapon)
Armour
 a - a +0 robe (worn)
Potions
 b - a potion of magic


   Skills:
 + Level 1.7 Dodging
 * Level 1.7 Stealth
 + Level 2.0 Spellcasting
 + Level 4.3 Necromancy
 * Level 0.6 Invocations


You had 3 spell levels left.
You knew the following spells:

 Your Spells              Type           Power      Damage    Failure   Level
a - Necrotise             Necr           60%        1d7       3%          1

Your spell library contained the following spells:

 Spells                   Type           Power      Damage    Failure   Level
 Vampiric Draining        Necr           15%        2d7       11%         3
 Animate Dead             Necr           15%        N/A       34%         4
 Agony                    Necr           15%        N/A       67%         5


Dungeon Overview and Level Annotations

Branches:
Dungeon (1/15)

Altars:


Message History

The goblin hits you with a +0 dagger.
You barely miss the goblin. The goblin hits you with a +0 dagger.
You hit the goblin.
The goblin is moderately wounded.
The goblin completely misses you.
A kobold comes into view. It is wielding a +0 short sword.
The kobold shouts!
You hit the goblin.
The goblin is heavily wounded.
The goblin hits you with a +0 dagger.
Casting: Necrotise (safe; 3% risk of failure)
Confirm with . or Enter, or press ? or * to list all spells.
Aiming: Necrotise (safe; 3% risk of failure)
Press: ? - help, Shift-Dir - straight line, f - goblin
Aim: a goblin, wielding a +0 dagger (heavily wounded, chance to affect: 85%)
The goblin writhes in agony.
You kill the goblin!
The dead are walking!
The kobold throws a stone.
The stone hits you.
The kobold throws a stone.
The stone closely misses you.
You see here a +0 dagger.
c - a +0 dagger (weapon)
Your goblin skeleton closely misses the kobold.
The kobold barely misses you.
You closely miss the kobold.
Your goblin skeleton hits the kobold but does no damage.
An endoplasm comes into view.
The kobold hits you with a +0 short sword.
* * * LOW HITPOINT WARNING * * *
Casting: Necrotise (safe; 3% risk of failure)
Confirm with . or Enter, or press ? or * to list all spells.
Aiming: Necrotise (safe; 3% risk of failure)
Press: ? - help, Shift-Dir - straight line, f - kobold
Aim: a kobold, wielding a +0 short sword and quivering stones (ally target, chance to affect: 85%)
The kobold writhes in agony.
The kobold misses you.
Your goblin skeleton hits the kobold but does no damage.
Your goblin skeleton closely misses the kobold.
The endoplasm jiggles.
Your goblin skeleton closely misses the kobold.
The kobold hits you with a +0 short sword.
You die...

#.###.##.##.....###
#.#.###...........
##.## ##..........
##.#.###.#....##...
#.#.#.#.##.....+...
#.#.<.#.###...###
.. #.#.#.#.#.##...+
#.###.#.###.#...#
..# ##.## ##@######
### #.# #..K.J..#
#.# #...Z...# +#
#............
#............
#............
####.........
#.........
..........


You could see an endoplasm, a kobold (ally target) and a friendly goblin
skeleton.

Vanquished Creatures
  A goblin (D:1)
1 creature vanquished.

Notes
Turn   | Place    | Note
-------+----------+-------------------------------------------
     0 | D:1      | Goaboa the Demonspawn Necromancer began the quest for the
                  | Orb.
     0 | D:1      | Reached XP level 1. HP: 13/13 MP: 3/3
    41 | D:1      | Slain by a kobold

Illustrated notes

Levels and vault maps discovered:
D:1:      minmay_arrival_diagonal_passages, layout_basic,
          shapermc_ecumenical_altar_mp_urbaneastern, hex_medium,
          kennysheep_minor_cross

Action                   || total
-------------------------++-------
Melee: Unarmed           ||     4
       Dagger            ||     1
 Cast: Necrotise         ||     2
Dodge: Dodged            ||     4

Table legend: (Time is in decaauts)
 A = Elapsed time spent in this place.
 B = Non-inter-level travel time spent in this place.
 C = Inter-level travel time spent in this place.
 D = Time resting spent in this place.
 E = Time spent auto-exploring this place.
 F = Levels seen in this place.
 G = Mean time per level.
                   A        B        C        D        E       F      G
               +--------+--------+--------+--------+--------+-----+--------+
         Total |     40 |     40 |      0 |      0 |     24 |   1 |   40.0 |
       Dungeon |     40 |     40 |      0 |      0 |     24 |   1 |   40.0 |
               +--------+--------+--------+--------+--------+-----+--------+

Top non-repeatable levels by time:
     D:1: 40 daAuts
